 Dungeon Crawl Stone Soup version 0.26-a0-651-gb41185065b (webtiles) character file.

Game seed: 16005953523580844415

157 Irenicus the Digger (level 5, -1/42 HPs)
             Began as a Deep Dwarf Earth Elementalist on Oct 13, 2020.
             Killed from afar by an orc wizard (4 damage)
             ... with a magic dart
             ... on level 4 of the Dungeon.
             The game lasted 00:09:53 (1664 turns).

Irenicus the Digger (Deep Dwarf Earth Elementalist) Turns: 1664, Time: 00:09:53

Health: -1/42      AC:  5    Str: 11    XL:     5   Next: 15%
Magic:  3/8        EV: 12    Int: 17    God:
Gold:   250        SH:  0    Dex: 13    Spells: 5/8 levels left

rFire    + . .     SeeInvis .   k - +0 dagger (speed)
rCold    . . .     Faith    .   (no shield)
rNeg     . . .     Spirit   .   a - +0 leather armour
rPois    .         Reflect  .   (no helmet)
rElec    .         Harm     .   s - +1 cloak
rCorr    +         Rampage  .   (no gloves)
MR       .....                  (no boots)
Stlth    ++........             (no amulet)
HPRegen  0.00/turn              y - ring of resist corrosion
MPRegen  0.11/turn              e - ring of protection from fire {rF+, !d}

@: stab, non-regenerating
A: damage resistance, heal wounds, sense surroundings 1, no regeneration
a: Heal Wounds


You were on level 4 of the Dungeon.
You visited 1 branch of the dungeon, and saw 4 of its levels.

You collected 250 gold pieces.

Inventory:

Hand Weapons
 c - a +0 short sword
   (You found it on level 1 of the Dungeon)
 k - a +0 dagger of speed (weapon)
   (You took it off a goblin on level 1 of the Dungeon)
Missiles
 b - 70 stones (quivered)
 f - 4 curare-tipped darts
Armour
 a - a +0 leather armour (worn)
   (You found it on level 1 of the Dungeon)
 s - a +1 cloak (worn)
   (You found it on level 2 of the Dungeon)
Jewellery
 e - a ring of protection from fire (right hand) {rF+, !d}
   (You found it on level 3 of the Dungeon)
 r - an uncursed ring of protection from magic {MR+, !d}
   (You found it on level 2 of the Dungeon)
 y - a ring of resist corrosion (left hand)
   (You found it on level 4 of the Dungeon)
Scrolls
 d - a scroll of remove curse
 g - 2 scrolls of immolation {!r}
 i - a scroll of enchant armour
 j - a scroll of fear {unknown}
 l - 3 scrolls of teleportation
 m - a scroll of blinking {unknown}
 o - a scroll of enchant weapon {unknown}
 v - 2 scrolls of identify {unknown}
 w - a scroll of random uselessness {unknown}
Potions
 h - a potion of ambrosia {unknown}
 n - a potion of resistance {unknown}
 p - a potion of heal wounds {unknown}
 q - a potion of degeneration {unknown}
 t - 2 potions of lignification {unknown}
 u - a potion of haste {unknown}


   Skills:
 - Level 2.1 Dodging
 - Level 2.4 Stealth
 - Level 2.1 Spellcasting
 - Level 0.8 Transmutations
 + Level 7.5 Earth Magic


You had 5 spell levels left.
You knew the following spells:

 Your Spells              Type           Power        Failure   Level
a - Sandblast             Erth           ####..       1%          1
w - Passwall              Tmut/Erth      ###.....     7%          2

Your spell library contained the following spells:

 Spells                   Type           Power        Failure   Level
 Stone Arrow              Conj/Erth      ##....       16%         3
 Lee's Rapid Deconstruct  Erth           ####......   30%         5
 Petrify                  Tmut/Erth      ###.....     41%         4
 Confusing Touch          Hex            #.......     58%         3
 Gell's Gravitas          Tloc           #.........   58%         3
 Yara's Violent Unravell  Hex/Tmut       #.........   99%         5
 Metabolic Englaciation   Hex/Ice        #.........   100%        5


Dungeon Overview and Level Annotations

Branches:
Dungeon (4/15)
 Temple: D:4-7

Altars:
Okawaru
Wu Jian


Innate Abilities, Weirdness & Mutations

You are resistant to damage.
You can heal yourself by infusing magical energy.
You passively map a small area around you.
You do not regenerate.


Message History

As you read the scroll labeled VUSSIVOTTOADGH, it crumbles to dust.
You feel blessed for a moment.
It was a scroll of remove curse.
Found an escape hatch in the ceiling.
Autopickup is now on.
You now have 231 gold pieces (gained 17).
You now have 244 gold pieces (gained 13).
You now have 250 gold pieces (gained 6).
Found a stone staircase leading down.
You open the door.
There is an open door here.
l - 3 scrolls of teleportation (gained 1)
A frilled lizard comes into view.
Found a stone staircase leading up.
The frilled lizard hisses angrily.
Casting: Passwall (safe; 7% risk of failure)
Confirm with . or Enter, or press ? or * to list all spells.
Aiming: Sandblast (safe; 1% risk of failure)
Press: ? - help, Shift-Dir - straight line, f - frilled lizard
Aim: a frilled lizard The blast of sand hits the frilled lizard!
You kill the frilled lizard!
b - 75 stones You now have 7/8 mp.
y - a tubular agate ring You're wearing all the rings you can.
Remove which one? (? for menu, Esc to cancel) < or
r - a ring of protection from magic {MR+, !d} > or
e - a ring of protection from fire {rF+, !d} You remove your ring of protection from magic {MR+, !d}.
y - a ring of resist corrosion (left hand)
v - 2 scrolls labeled VIVEUV TENNE (gained 1) MP restored: 8 You open the door.
There is an open door here.
An orc comes into view. It is wielding a +0 short sword.
A jackal and a quasit come into view.
The quasit gives a chilling moan.
The orc shouts!
A jackal comes into view. x2; An orc comes into view.
An orc wizard comes into view. It is wielding a +0 dagger.
There is an open door here.
It was a potion of stabbing.
You feel ready to backstab.
Casting: Sandblast (safe; 1% risk of failure)
Confirm with . or Enter, or press ? or * to list all spells.
Aiming: Sandblast (safe; 1% risk of failure)
Press: ? - help, Shift-Dir - straight line, f - quasit
Aim: a quasit The blast of sand misses the quasit.
b - 74 stones You now have 7/8 mp.
Casting: Sandblast (safe; 1% risk of failure)
Confirm with . or Enter, or press ? or * to list all spells.
Aiming: Sandblast (safe; 1% risk of failure)
Press: ? - help, Shift-Dir - straight line, f/p - quasit
Aim: a quasit The blast of sand hits the quasit!
The quasit is almost dead.
b - 73 stones The quasit bites you.
* * * LOW HITPOINT WARNING * * *
The quasit claws you.
The quasit claws you but does no damage.
You take 1 damage, and have 3/42 hp.
You now have 6/8 mp.
Casting: Sandblast (safe; 1% risk of failure)
Confirm with . or Enter, or press ? or * to list all spells.
Aiming: Sandblast (safe; 1% risk of failure)
Press: ? - help, Shift-Dir - straight line, f/p - quasit
Aim: a quasit (almost dead)
The blast of sand hits the quasit but does no damage.
The quasit is almost dead.
b - 72 stones The quasit bites you.
The quasit closely misses you. x2
The quasit barely misses you. The quasit closely misses you.
The quasit claws you but does no damage.
You now have 5/8 mp.
Casting: Sandblast (safe; 1% risk of failure)
Confirm with . or Enter, or press ? or * to list all spells.
Aiming: Sandblast (safe; 1% risk of failure)
Press: ? - help, Shift-Dir - straight line, f/p - quasit
Aim: a quasit (almost dead)
The blast of sand misses the quasit.
b - 71 stones The quasit closely misses you.
The quasit claws you but does no damage.
The quasit claws you.
You now have 4/8 mp.
Casting: Sandblast (safe; 1% risk of failure)
Confirm with . or Enter, or press ? or * to list all spells.
Aiming: Sandblast (safe; 1% risk of failure)
Press: ? - help, Shift-Dir - straight line, f/p - quasit
Aim: a quasit (almost dead)
The blast of sand hits the quasit but does no damage.
The quasit is almost dead.
b - 70 stones The orc wizard shouts!
The quasit barely misses you. The quasit claws you.
The quasit barely misses you.
The orc wizard points at you and mumbles some strange words.
The magic dart hits you.
You die...

* #......#
#.......<..#*
#......#
##########.#+###*,*
#......#
#.......##...#.$. *
#......#
#.......'......#
#......#
#.......###..### **
#......# #.......#
..... #......#
#.......# .#.###*
#......# #.......#
*...# * #......#
#.@.....# *...#
#......# #.5.....#
..> ########
#.o.....# *
#....o..## *
#.......<...
##'###.#.#.. ,
#..o..#.#(.. ,
#.....o..... ,
#.......o..,


You could see an orc wizard, a quasit and 2 orcs.

Vanquished Creatures
  An orc wizard (D:3)
  6 adders
  A gnoll (D:1)
  2 worms (D:2)
  A dart slug (D:1)
  2 leopard geckos
  6 orcs (D:3)
  A giant cockroach (D:1)
  5 goblins
  5 hobgoblins
  A quokka (D:2)
  5 bats
  8 frilled lizards
  7 kobolds
  A leopard gecko skeleton (D:3)
  4 rats
56 creatures vanquished.

Notes
Turn   | Place    | Note
-------+----------+-------------------------------------------
     0 | D:1      | Irenicus the Deep Dwarf Earth Elementalist began the quest
                  | for the Orb.
     0 | D:1      | Reached XP level 1. HP: 15/15 MP: 3/3
    66 | D:1      | Reached skill level 2 in Spellcasting
    66 | D:1      | Reached XP level 2. HP: 19/22 MP: 0/5
   310 | D:1      | Learned a level 2 spell: Passwall
   484 | D:1      | Reached skill level 5 in Earth Magic
   575 | D:1      | Reached XP level 3. HP: 22/28 MP: 1/6
   839 | D:2      | Reached skill level 6 in Earth Magic
   908 | D:2      | Found an ornate altar of the Wu Jian Council.
  1030 | D:3      | Reached XP level 4. HP: 26/36 MP: 3/7
  1136 | D:3      | HP: 6/36 [orc/+0 trident (6)]
  1177 | D:3      | HP: 2/36 [kobold/+0 club (4)]
  1241 | D:3      | Reached skill level 7 in Earth Magic
  1241 | D:3      | Reached XP level 5. HP: 15/42 MP: 0/8
  1280 | D:3      | HP: 6/42 [orc/+0 falchion (6)]
  1286 | D:3      | HP: 5/42 [orc/+0 falchion (1)]
  1588 | D:4      | Found an iron altar of Okawaru.
  1661 | D:4      | HP: 3/42 [quasit (1)]
  1664 | D:4      | Killed from afar by an orc wizard

Illustrated notes

Levels and vault maps discovered:
D:1:      shiori_arrival_maze, layout_loops_cross, st_stairs_5
D:2:      layout_basic, marbit_many_paths
D:3:      layout_loops_ring
D:4:      layout_basic, okawaru_gym_becter

Skill      XL: |  1  2  3  4 |
---------------+-------------+-----
Spellcasting   | 2 |  2.1
Earth Magic    | 5 6 7 |  7.5
Dodging        | |  2.1
Stealth        | |  2.4
Transmutations | |  0.8

Action                   |  1- 3 |  4- 6 || total
-------------------------+-------+-------++-------
Melee: Unarmed           |     4 |       ||     4
       Short sword       |    28 |     1 ||    29
       Dagger            |       |    35 ||    35
Throw: Dart              |       |     3 ||     3
 Cast: Sandblast         |    40 |    36 ||    76
       Passwall          |     8 |     1 ||     9
  Use: Scroll            |       |     6 ||     6
       Potion            |       |     4 ||     4
 Stab: Sleeping          |     4 |       ||     4
Armor: Leather armour    |    11 |    19 ||    30
Dodge: Dodged            |    23 |    31 ||    54

Table legend: (Time is in decaauts)
 A = Elapsed time spent in this place.
 B = Non-inter-level travel time spent in this place.
 C = Inter-level travel time spent in this place.
 D = Time resting spent in this place.
 E = Time spent auto-exploring this place.
 F = Levels seen in this place.
 G = Mean time per level.
                   A        B        C        D        E       F      G
               +--------+--------+--------+--------+--------+-----+--------+
         Total |   1651 |   1632 |     19 |      0 |      0 |   4 |  412.8 |
       Dungeon |   1651 |   1632 |     19 |      0 |      0 |   4 |  412.8 |
               +--------+--------+--------+--------+--------+-----+--------+

Top non-repeatable levels by time:
     D:1: 603 daAuts
     D:3: 503 daAuts
     D:2: 405 daAuts
     D:4: 138 daAuts

Table legend:
 A = Kills in this place as a percentage of kills in entire the game.
 B = Kills by you in this place as a percentage of kills by you in the entire game.
 C = Kills by friends in this place as a percentage of kills by friends in the entire game.
 D = Other kills in this place as a percentage of other kills in the entire game.
 E = Experience gained in this place as a percentage of experience gained in the entire game.
 F = Experience gained in this place divided by the number of levels of this place that you have seen.
                   A       B       C       D       E      F
               +-------+-------+-------+-------+-------+----------------------
         Total | 100.0 | 100.0 |   N/A |   N/A | 100.0 |  56.2
       Dungeon | 100.0 | 100.0 |   N/A |   N/A | 100.0 |  56.2
               +-------+-------+-------+-------+-------+----------------------
